 Dungeon Crawl Stone Soup version 0.27.1-33-g824d729ab1 (webtiles) character file.

Game seed: 6294141219663667988

109 jlumianski the Skirmisher (level 4, -1/29 HPs)
             Began as a Gargoyle Monk on Dec 16, 2021.
             Slain by a centaur zombie (2 damage)
             ... on level 3 of the Dungeon.
             The game lasted 00:05:49 (1663 turns).

jlumianski the Skirmisher (Gargoyle Monk)           Turns: 1663, Time: 00:05:52

Health: -1/29      AC:  5    Str: 16    XL:     4   Next: 90%
Magic:  4/4        EV: 12    Int: 10    God:
Gold:   59         SH:  0    Dex: 12    Spells: 3/3 levels left

rFire    . . .     SeeInvis .   j - +0 dagger (venom)
rCold    . . .     Faith    .   (no shield)
rNeg     + . .     Spirit   .   b - +0 robe
rPois    ∞         Reflect  .   (no helmet)
rElec    +         Harm     .   (no cloak)
rCorr    .         Rampage  .   (no gloves)
Will     .....                  (no boots)
Stlth    ++........             (no amulet)
HPRegen  0.09/turn              (no ring)
MPRegen  0.09/turn              (no ring)

@: no status effects
A: sickness immunity, AC +3, negative energy resistance 1, electricity
resistance, torment resistance 1, petrification resistance
a: no special abilities


You were on level 3 of the Dungeon.
You visited 1 branch of the dungeon, and saw 4 of its levels.

You collected 59 gold pieces.

Inventory:

Hand Weapons
 a - a +0 hand axe
 g - a +1 dagger of holy wrath
 h - a +1 whip of pain
 j - a +0 dagger of venom (weapon)
Missiles
 e - 29 stones (quivered)
 i - 12 bolts
Armour
 b - a +0 robe (worn)
 l - a +0 chain mail
Scrolls
 c - 2 scrolls of amnesia
 d - a scroll of teleportation {unknown}
 f - a scroll of fog {unknown}
 k - a scroll of noise {unknown}
Potions
 m - a potion of haste {unknown}


   Skills:
 + Level 3.9 Fighting
 + Level 0.7 Short Blades
 + Level 3.7 Axes
 + Level 3.0 Dodging
 + Level 2.9 Stealth


You had 3 spell levels left.
You didn't know any spells.
Your spell library contained the following spells:

 Spells                   Type           Power      Damage    Failure   Level
 Animate Skeleton         Necr           0%         N/A       36%         1
 Apportation              Tloc           0%         N/A       36%         1
 Corona                   Hex            0%         N/A       36%         1
 Summon Small Mammal      Summ           0%         N/A       36%         1
 Call Canine Familiar     Summ           0%         N/A       75%         3
 Portal Projectile        Hex/Tloc       0%         N/A       75%         3
 Leda's Liquefaction      Hex/Erth       0%         N/A       98%         4


Dungeon Overview and Level Annotations

Branches:
Dungeon (4/15)
 Temple: D:4-7

Altars:
Elyvilon


Innate Abilities, Weirdness & Mutations

You are immune to sickness and miasma.
Your stone body is resilient. (AC +3)
You are immune to poison.
You resist negative energy. (rN+)
You are resistant to electric shocks. (rElec)
You are resistant to unholy torment.
You are immune to petrification.


Message History

The centaur zombie barely misses you.
The centaur zombie kicks you but does no damage.
The centaur zombie hits you. The centaur zombie barely misses you.
Terence hits you with a +5 hand axe of flaming.
Terence burns you.
* * * LOW HITPOINT WARNING * * *
The centaur zombie closely misses you. The centaur zombie barely misses you.
Terence looks more healthy.
The centaur zombie barely misses you. The centaur zombie kicks you.
* * * LOW HITPOINT WARNING * * *
The centaur zombie hits you but does no damage.
The centaur zombie kicks you but does no damage.
You hit Terence but do no damage.
Terence is poisoned.
Terence is lightly wounded.
Terence hits you but does no damage. The centaur zombie hits you.
* * * LOW HITPOINT WARNING * * *
The centaur zombie misses you.
Okay, then.
Okay, then.
You kill Terence!
Your Dodging skill increases to level 3!
The centaur zombie hits you but does no damage.
The centaur zombie kicks you but does no damage.
The centaur zombie misses you.
The centaur zombie kicks you but does no damage.
The centaur zombie hits you.
* * * LOW HITPOINT WARNING * * *
The centaur zombie kicks you but does no damage.
You hit the centaur zombie.
The centaur zombie is heavily damaged.
The centaur zombie hits you but does no damage.
The centaur zombie barely misses you.
You barely miss the centaur zombie.
The centaur zombie is heavily damaged.
The centaur zombie hits you but does no damage.
The centaur zombie kicks you but does no damage.
The centaur zombie hits you.
* * * LOW HITPOINT WARNING * * *
The centaur zombie kicks you.
You die...

.............#..........#
.#...........#..........#
.............#..........#
###.....................#
# #.........#††...#######
# #.........#>....# #
#.........#.....#
###.........#...Z.#
............#...@.#
...........##.....##
..........##.......#
......######.......#
..†........#.......#
......####.........#
.....†.....#.......#
......######.......#
.....## #.......#


You could see a centaur zombie.

Vanquished Creatures
  Jessica (D:2)
  Terence (D:3)
  2 adders (D:3)
  3 worms
  2 dart slugs (D:1)
  4 endoplasms (D:1)
  2 giant cockroaches (D:1)
  4 goblins
  3 hobgoblins
  A quokka (D:3)
  2 ball pythons (D:3)
  A bat (D:1)
  2 frilled lizards
  4 kobolds
  A rat (D:1)
33 creatures vanquished.

Notes
Turn   | Place    | Note
-------+----------+-------------------------------------------
     0 | D:1      | jlumianski the Gargoyle Monk began the quest for the Orb.
     0 | D:1      | Reached XP level 1. HP: 14/14 MP: 1/1
   197 | D:1      | Reached XP level 2. HP: 5/19 MP: 2/2
  1258 | D:1      | Reached XP level 3. HP: 14/23 MP: 3/3
  1401 | D:2      | Found a white marble altar of Elyvilon.
  1403 | D:2      | Noticed Jessica
  1408 | D:2      | Killed Jessica
  1435 | D:2      | You fall into a shaft and drop 1 floor!
  1452 | D:4      | Noticed a phantom
  1468 | D:3      | Reached XP level 4. HP: 16/29 MP: 4/4
  1528 | D:3      | Noticed a scorpion
  1623 | D:3      | Noticed Terence
  1651 | D:3      | Killed Terence
  1663 | D:3      | HP: 1/29 [centaur zombie (2)]
  1663 | D:3      | Slain by a centaur zombie

Illustrated notes

Levels and vault maps discovered:
D:1:      minmay_arrival_five_plusses, layout_loops_ring
D:2:      layout_rooms, basic_altar, basic_ecumenical_altar, hex_medium,
          uniq_jessica
D:3:      layout_rooms, gammafunk_temple_overflow_pools,
          kennysheep_generic_room_12, uniq_terence
D:4:      layout_cave_pools, chequers_serial_rivers_small_3

Skill      XL: |  1  2  3  4 |
---------------+-------------+-----
Axes           | 3 |  3.7
Dodging        | 3 |  3.0
Fighting       | |  3.9
Short Blades   | |  0.7
Stealth        | |  2.9

Action                   |  1- 3 |  4- 6 || total
-------------------------+-------+-------++-------
Melee: Hand axe          |    52 |       ||    52
       Dagger            |    21 |    41 ||    62
Throw: Stone             |     2 |       ||     2
  Use: Scroll            |     1 |       ||     1
 Stab: Sleeping          |     4 |       ||     4
Armor: Robe              |    16 |    24 ||    40
Dodge: Dodged            |    44 |    44 ||    88
